AoeStats
← Nina25

Arena

507006310Analyzed
4v4 RM · 17d ago on Sep 16, 2026· 41m 18s· 8 players
Game mode
Random Map
Map size
Large (8 player)
Population
200
Speed
Normal
Resources
Standard
Victory
Conquest
Starting age
Dark Age
Ending age
Imperial Age
RankedLock teamsTeams togetherTeam positionsShared explorationLock speedFull tech treeHidden civsTurbo modeCheats
Victory
Defeat
🇨🇳 Teutons · China
1095
+14
🇨🇳 Japanese · China
961
+20
🇨🇳 Persians · China
860
+24
🇭🇰 Huns · Hong Kong SAR China
843
+25
🇨🇳 Khmer · China
1067
-22
🇨🇿 Bulgarians · Czechia
1047
-21
🇵🇱 Hindustanis · Poland
1040
-21
🇲🇽 Turks · Mexico
1005
-19
秋天的老丝瓜
2:34 Loom
9:11 Feudal Age
16:24 Castle Age
14:34 Horse Collar
15:48 Double-Bit Axe
17:17 Heavy Plow
22:00 Wheelbarrow
21:10 Town Watch
22:09 Gold Mining
22:13 Stone Mining
23:50 Heavy Plow
26:31 Gold Shaft Mining
27:25 Gold Shaft Mining
27:41 Hand Cart
27:32 Town Patrol
30:51 Imperial Age
28:07 Treadmill Crane
28:23 Murder Holes
28:39 Masonry
29:25 Bow Saw
29:43 Ballistics
29:32 Scale Mail Armor
30:40 Chain Mail Armor
30:41 Forging
30:24 Fletching
30:34 Padded Archer Armor
31:28 Thumb Ring
31:31 Squires
31:17 Arson
32:16 Parthian Tactics
33:27 Two-Man Saw
33:18 Conscription
34:03 Chemistry
33:22 Leather Archer Armor
33:47 Heavy Cavalry Archer
34:14 Elite Samurai
34:50 Pikeman
36:07 Plate Mail Armor
36:28 Husbandry
36:41 Bloodlines
37:09 Siege Engineers
36:28 Capped Ram
38:52 Iron Casting
38:50 Ring Archer Armor
39:13 Onager
39:45 Halberdier
Otto der Große
7:11 Loom
9:37 Feudal Age
12:46 Fletching
22:21 Castle Age
21:14 Double-Bit Axe
21:37 Horse Collar
21:56 Stone Mining
24:56 Bodkin Arrow
28:42 Scale Mail Armor
30:07 Bow Saw
34:50 Gold Mining
35:01 Heavy Plow
35:44 Stone Shaft Mining
41:29 Imperial Age
42:05 Imperial Age
40:13 Wheelbarrow
40:30 Chain Mail Armor
40:47 Forging
铁蹄铮铮
10:27 Feudal Age
11:56 Double-Bit Axe
15:07 Castle Age
14:38 Horse Collar
16:09 Bow Saw
22:52 Heavy Plow
23:10 Gold Mining
23:11 Stone Mining
25:12 Gold Shaft Mining
24:56 Bow Saw
26:09 Stone Shaft Mining
29:00 Imperial Age
27:19 Ballistics
27:52 Wheelbarrow
27:49 Town Watch
29:42 Hand Cart
29:28 Town Patrol
30:09 Masonry
30:24 Forging
30:20 Scale Barding Armor
30:48 Crop Rotation
31:20 Two-Man Saw
30:51 Kamandaran
30:58 Elite Skirmisher
31:00 Crossbowman
31:46 Thumb Ring
31:55 Thumb Ring
32:31 Iron Casting
32:17 Chain Barding Armor
31:48 Fletching
31:59 Padded Archer Armor
33:06 Conscription
33:23 Elite War Elephant
36:34 Blast Furnace
36:09 Plate Barding Armor
35:30 Bodkin Arrow
35:51 Leather Archer Armor
被吊打成dog
9:53 Feudal Age
15:41 Castle Age
17:46 Double-Bit Axe
22:18 Bow Saw
26:07 Horse Collar
26:58 Stone Mining
27:10 Heavy Plow
28:40 Gold Mining
32:17 Imperial Age
31:32 Gold Shaft Mining
32:34 Forging
32:29 Scale Barding Armor
34:48 Iron Casting
34:34 Chain Barding Armor
33:39 Elite Tarkan
34:20 Marauders
34:41 Conscription
34:36 Bloodlines
34:30 Husbandry
35:41 Two-Man Saw
34:31 Loom
35:21 Wheelbarrow
34:35 Town Watch
35:33 Wheelbarrow
37:36 Blast Furnace
37:12 Plate Barding Armor
36:28 Fletching
37:06 Ballistics
36:58 Masonry
zozolini
10:57 Feudal Age
12:09 Double-Bit Axe
14:31 Castle Age
12:53 Horse Collar
14:45 Wheelbarrow
15:23 Bow Saw
16:56 Heavy Plow
23:53 Hand Cart
23:51 Gold Mining
25:00 Redemption
26:08 Gold Shaft Mining
28:46 Imperial Age
26:15 Stone Mining
27:39 Ballistics
29:11 Redemption
31:50 Chemistry
31:56 Heavy Camel Rider
32:36 Husbandry
32:47 Forging
32:39 Scale Mail Armor
32:44 Scale Barding Armor
32:58 Grand Trunk Road
36:05 Iron Casting
Archon
12:45 Feudal Age
11:02 Loom
12:50 Feudal Age
18:31 Castle Age
16:31 Double-Bit Axe
17:21 Horse Collar
25:41 Heavy Plow
29:18 Bow Saw
32:47 Imperial Age
31:10 Forging
31:01 Scale Mail Armor
31:06 Scale Barding Armor
31:17 Gold Mining
31:17 Stone Mining
32:24 Ballistics
32:42 Iron Casting
32:23 Chain Mail Armor
33:09 Masonry
33:23 Chain Barding Armor
33:15 Stirrups
33:49 Conscription
34:17 Stone Shaft Mining
34:18 Gold Shaft Mining
34:51 Wheelbarrow
33:55 Elite Konnik
35:46 Crop Rotation
35:56 Hand Cart
36:21 Plate Barding Armor
36:53 Blast Furnace
36:58 Pikeman
37:38 Squires
37:27 Halberdier
38:51 Plate Mail Armor
Nina25
8:45 Loom
11:03 Feudal Age
19:52 Castle Age
19:11 Double-Bit Axe
19:08 Horse Collar
30:17 Heavy Plow
30:30 Bow Saw
34:21 Imperial Age
33:01 Scale Barding Armor
33:07 Forging
35:09 Wheelbarrow
35:48 Husbandry
35:59 Bloodlines
38:01 Chain Barding Armor
38:16 Iron Casting
電動遊戯
2:05 Loom
11:34 Feudal Age
16:25 Castle Age
14:53 Horse Collar
15:33 Double-Bit Axe
18:51 Fervor
20:59 Bow Saw
22:13 Heavy Plow
24:42 Stone Mining
27:40 Wheelbarrow
29:54 Stone Shaft Mining
31:07 Fortified Wall
31:18 Ballistics
30:52 Gold Mining
32:23 Bloodlines
32:14 Husbandry
33:09 Hand Cart
32:39 Town Watch
33:31 Husbandry
36:16 Imperial Age
34:05 Fletching
34:20 Scale Barding Armor
34:44 Bodkin Arrow
35:53 Gold Shaft Mining
35:32 Town Patrol
36:43 Chain Barding Armor
37:15 Devotion
37:44 Conscription
37:48 Double Crossbow
38:30 Crop Rotation
38:08 Elite Ballista Elephant
38:15 Light Cavalry
40:33 Siege Engineers
Connection lost

Rejoining the realm…

Still unreachable

The connection could not be restored.

Session expired

The server has moved on; the page needs a fresh start.